 Dungeon Crawl Stone Soup version 0.31-a0-149-g3fdcc5976a (webtiles) character file.

Game seed: 17072598343389099000

1330 qw the Skirmisher (level 8, -8/70 (71) HPs)
             Began as a Minotaur Hunter on June 7, 2023.
             Was an Initiate of Okawaru.
             Killed from afar by a steam dragon (24 damage)
             ... with a ball of steam
             ... on level 6 of the Dungeon.
             The game lasted 00:01:47 (4722 turns).

qw the Skirmisher (Minotaur Hunter)                 Turns: 4722, Time: 00:01:47

HP:   -8/70 (71)    AC:  7    Str: 13    XL:     8   Next: 34%
MP:   7/7           EV: 11    Int:  6    God:    Okawaru [......]
Gold: 239           SH:  0    Dex: 15    Spells: 7/7 levels left

rFire   . . .        Y - +3 shortbow
rCold   + . .        (shield currently unavailable)
rNeg    . . .        e - +0 ring mail
rPois   +            (helmet restricted)
rElec   .            (no cloak)
rCorr   .            a - +1 pair of gloves
SInv    .            (no boots)
Will    .....        (no amulet)
Stlth   +            b - ring of poison resistance
HPRegen 0.31/turn    (no ring)
MPRegen 0.10/turn

%: no passive effects
@: lightly drained
A: horns 2, retaliatory headbutt, cold resistance 1, weak 2
a: Renounce Religion


You were on level 6 of the Dungeon.
You worshipped Okawaru.
Okawaru was noncommittal.
You visited 2 branches of the dungeon, and saw 7 of its levels.

You collected 239 gold pieces.


Innate Abilities, Weirdness & Mutations

You have a pair of horns on your head.
You reflexively headbutt those who attack you in melee.
Your flesh is cold resistant. (rC+)
You are very weak. (Str -4)


   Skills:
 + Level 6.6 Fighting
 - Level 10.0 Ranged Weapons
 - Level 2.8 Armour
 - Level 3.0 Dodging
 - Level 0.7 Stealth


You had 7 spell levels left.
You didn't know any spells.
Your spell library was empty.

Inventory:

Hand Weapons
 Y - a +3 shortbow (weapon)
Armour
 a - a +1 pair of gloves (worn)
 e - a +0 ring mail (worn)
Jewellery
 b - a ring of poison resistance (left hand)
Scrolls
 i - 2 scrolls of identify
Potions
 c - 2 potions of mutation
 d - a potion of curing
 f - 4 potions of cancellation
 k - a potion of haste {unknown}
 m - a potion of magic {unknown}

Dungeon Overview and Level Annotations

Branches:
Dungeon (6/15)             Temple (1/1) D:5

Altars:
Ashenzari
Dithmenos
Elyvilon
Fedhas
Gozag
Hepliaklqana
Kikubaaqudgha
Nemelex Xobeh
Okawaru
Qazlal
Ru
Trog
Zin
The Shining One
Lugonu


Message History

The white imp is heavily wounded.
The white imp lashes its tail.
The white imp hits you. The white imp freezes you. You resist.
You shoot an arrow. The arrow hits the white imp!
You kill the white imp!
Okawaru accepts your kill. The steam dragon misses you.
The steam dragon closely misses you.
You shoot an arrow.
The arrow closely misses the steam dragon.
The steam dragon breathes steam at you. The ball of steam misses you.
You shoot an arrow.
The arrow barely misses the steam dragon.
You are engulfed in a cloud of scalding steam.
The steam dragon barely misses you. You furiously retaliate!
You headbutt the steam dragon. The steam dragon closely misses you.
You shoot an arrow. The arrow hits the steam dragon!
The steam dragon is moderately wounded.
The steam dragon closely misses you. The steam dragon completely misses you.
You shoot an arrow.
The arrow hits the steam dragon but does no damage.
The steam dragon is moderately wounded.
The steam dragon barely misses you. x2
You shoot an arrow. The arrow hits the steam dragon.
The steam dragon is heavily wounded.
The steam dragon closely misses you. The steam dragon barely misses you.
You shoot an arrow.
The arrow hits the steam dragon but does no damage.
The steam dragon is heavily wounded.
The steam dragon bites you. The steam dragon barely misses you.
You shoot an arrow.
The arrow hits the steam dragon but does no damage.
The steam dragon is heavily wounded.
The steam dragon bites you.
The steam dragon claws you but does no damage.
You shoot an arrow.
The arrow barely misses the steam dragon.
The steam dragon breathes steam at you. The ball of steam hits you!!
You die...

..#).##.<...##
............## .......
.............# .......
......#....... .....?.
..##.###...#. ......
......##...### ##....
......#......# #...##.#
.............###......#.
...###....#.....@.......
#..#......#.#....D......
#.......##..####........
<...........###.>#......
.......##)......##......
...#.....).......#....$.
..##.................>..
.# #...............#...#
# ......#.........#


You could see a steam dragon (catching breath).

Vanquished Creatures
  A water moccasin (D:5)
  An ice beast (D:5)
  A centaur (D:5)
  2 phantoms
  A bullfrog (D:6)
  Blork the orc (D:5)
  2 scorpions
  3 wights (D:6)
  4 hounds
  An orc priest (D:4)
  A jelly (D:5)
  2 sleepcaps
  An iguana (D:6)
  An orc wizard (D:5)
  6 gnolls
  9 adders
  A shadow imp (D:5)
  A white imp (D:6)
  2 ufetubi
  3 dart slugs
  7 orcs
  5 endoplasms
  6 goblins
  8 hobgoblins
  2 jackals (D:4)
  4 kobolds
  4 quokkas
  5 ball pythons
  A bat (D:1)
  3 rats
89 creatures vanquished.

Notes
Turn   | Place    | Note
-------+----------+-------------------------------------------
     0 | D:1      | qw the Minotaur Hunter began the quest for the Orb.
     0 | D:1      | Reached XP level 1. HP: 18/18 MP: 0/0
     0 | D:1      | 0 ||| qw: Version: 0.2-a-117-gc6b5c8b
     0 | D:1      | 0 ||| qw: Game counter: 2622
     0 | D:1      | 0 ||| qw: Always use a shield: true
     0 | D:1      | 0 ||| qw: God list: Okawaru
     0 | D:1      | 0 ||| qw: Allow faded altars: false
     0 | D:1      | 0 ||| qw: Do Orc after D:15 true
     0 | D:1      | 0 ||| qw: Do second Lair branch before Depths: true
     0 | D:1      | 0 ||| qw: Lair rune preference: random
     0 | D:1      | 0 ||| qw: Plans: Normal
     0 | D:1      | 0 ||| PLANNING D:1-11
   184 | D:1      | Reached XP level 2. HP: 25/25 MP: 1/1
   295 | D:1      | Reached skill level 5 in Ranged Weapons
   821 | D:1      | 821 ||| UPGRADING to +0 ring mail.
   831 | D:1      | 831 ||| DROPPING +0 leather armour.
   832 | D:1      | 832 ||| READING scroll labelled QIKUQACRER.
   833 | D:1      | 833 ||| READING scroll labelled KAQAIR OKLAF.
   834 | D:1      | 834 ||| DRINKING 2 fuming blue potions.
   835 | D:1      | 835 ||| DROPPING scroll of butterflies.
   908 | D:2      | Reached skill level 1 in Armour
  1008 | D:2      | Reached skill level 3 in Fighting
  1041 | D:2      | Reached XP level 3. HP: 24/31 MP: 2/2
  1536 | D:2      | 1536 ||| UPGRADING to ring of poison resistance.
  1537 | D:2      | 1537 ||| READING scroll labelled ZIUSUSTRUOPU.
  1538 | D:2      | 1538 ||| READING scroll labelled IPESORECVO.
  1654 | D:3      | Identified the +4 kite shield of Salvation {rC++ rCorr
                  | Int-2 Stlth-}
  1773 | D:3      | You fall into a shaft and drop 2 floors!
  1773 | D:5      | Entered Level 5 of the Dungeon
  1773 | D:5      | Found a sacrificial altar of Ru.
  1804 | D:5      | Noticed a scorpion
  1805 | D:5      | 1805 ||| FLEEEEING.
  1806 | D:5      | 1806 ||| FLEEEEING.
  1807 | D:5      | 1807 ||| FLEEEEING.
  1808 | D:5      | 1808 ||| FLEEEEING.
  1809 | D:5      | 1809 ||| STAIRDANCE
  1859 | D:4      | 1859 ||| READING 2 scrolls labelled PIVVOYSIZOD.
  1860 | D:4      | 1860 ||| READING scroll of enchant weapon.
  1860 | D:4      | 1860 ||| ENCHANTING +1 shortbow.
  1861 | D:4      | 1861 ||| DRINKING 2 puce potions.
  1948 | D:3      | 1948 ||| READING scroll of enchant weapon.
  1948 | D:3      | 1948 ||| ENCHANTING +2 shortbow.
  1949 | D:3      | Found a glowing silver altar of Zin.
  2304 | D:3      | Found a broken altar of Ashenzari.
  2358 | D:3      | 2358 ||| DRINKING 2 brown potions.
  2358 | D:3      | Gained mutation: You are weak. (Str -2) [potion of
                  | mutation]
  2358 | D:3      | Gained mutation: You are very weak. (Str -4) [potion of
                  | mutation]
  2358 | D:3      | Gained mutation: Your flesh is cold resistant. (rC+)
                  | [potion of mutation]
  2450 | D:4      | HP: 4/31 [orc priest/+0 mace (6)]
  2453 | D:4      | Reached skill level 6 in Ranged Weapons
  2453 | D:4      | Reached XP level 4. HP: 5/38 MP: 3/3
  2492 | D:4      | 2492 ||| FLEEEEING.
  2501 | D:4      | 2501 ||| STAIRDANCE
  2637 | D:4      | Found an opulent altar of Gozag.
  2694 | D:4      | Reached XP level 5. HP: 46/46 MP: 4/4
  2757 | D:4      | 2757 ||| FLEEEEING.
  2758 | D:4      | 2758 ||| FLEEEEING.
  2759 | D:4      | 2759 ||| FLEEEEING.
  2760 | D:4      | 2760 ||| FLEEEEING.
  2761 | D:4      | 2761 ||| FLEEEEING.
  2762 | D:4      | 2762 ||| FLEEEEING.
  2763 | D:4      | 2763 ||| FLEEEEING.
  2764 | D:4      | 2764 ||| STAIRDANCE
  2796 | D:3      | 2796 ||| READING 2 scrolls labelled UFUTILISASCH.
  2797 | D:3      | 2797 ||| READING scroll labelled SUAJUSY KERO.
  2798 | D:3      | 2798 ||| READING 2 scrolls of identify.
  2798 | D:3      | 2798 ||| IDENTIFYING orange potion
  2799 | D:3      | 2799 ||| DROPPING potion of brilliance.
  2800 | D:3      | 2800 ||| DROPPING scroll of vulnerability.
  2807 | D:4      | 2807 ||| STAIRDANCE
  2860 | D:4      | Found a shadowy altar of Dithmenos.
  3023 | D:4      | Noticed a phantom
  3029 | D:4      | Killed a phantom
  3030 | D:4      | Reached skill level 7 in Ranged Weapons
  3126 | D:4      | 3126 ||| UPGRADING to +0 pair of gloves.
  3131 | D:4      | 3131 ||| READING scroll of enchant armour.
  3131 | D:4      | 3131 ||| ENCHANTING +0 pair of gloves.
  3132 | D:4      | 3132 ||| DROPPING ring of flight.
  3133 | D:4      | 3133 ||| DRINKING 2 viscous grey potions.
  3148 | D:5      | Reached XP level 6. HP: 50/52 MP: 5/5
  3149 | D:5      | 3149 ||| STAIRDANCE
  3297 | D:5      | Reached skill level 8 in Ranged Weapons
  3420 | D:5      | Reached XP level 7. HP: 54/60 MP: 6/6
  3525 | D:5      | Found a staircase to the Ecumenical Temple.
  3527 | D:5      | 3527 ||| PLANNING TEMPLE
  3608 | D:5      | Noticed Blork the orc
  3614 | D:5      | Killed Blork the orc
  4033 | D:5      | Reached skill level 9 in Ranged Weapons
  4060 | D:5      | Reached skill level 3 in Dodging
  4165 | D:5      | 4165 ||| READING 2 scrolls of identify.
  4165 | D:5      | 4165 ||| IDENTIFYING bubbling ruby potion
  4166 | D:5      | 4166 ||| DROPPING potion of ambrosia.
  4219 | Temple   | Entered the Ecumenical Temple
  4230 | Temple   | 4230 ||| PLANNING OKAWARU WORSHIP
  4353 | Temple   | Became a worshipper of Warmaster Okawaru
  4353 | Temple   | 4353 ||| PLANNING D:1-11
  4410 | D:6      | 4410 ||| STAIRDANCE
  4413 | D:5      | Reached skill level 6 in Fighting
  4442 | D:6      | 4442 ||| STAIRDANCE
  4444 | D:6      | 4444 ||| STAIRDANCE
  4446 | D:6      | 4446 ||| STAIRDANCE
  4448 | D:5      | 4448 ||| DRINKING 2 potions of curing.
  4448 | D:5      | 4448 ||| (to cure confusion)
  4452 | D:5      | Reached XP level 8. HP: 67/70 MP: 7/7
  4532 | D:6      | HP: 16/64 [wight/+4 trident (8)]
  4533 | D:6      | 4533 ||| DRINKING potion of heal wounds.
  4646 | D:6      | Reached skill level 10 in Ranged Weapons
  4721 | D:6      | HP: 15/70 [steam dragon (6)]
  4722 | D:6      | Killed from afar by a steam dragon

Levels and vault maps discovered:
D:1:      lemuel_arrival_lava_pool, layout_basic
D:2:      layout_basic
D:3:      layout_basic, mainiacjoe_overflow_cross_hatched,
          grunt_ashenzari_visionary [grunt_ashenzari_visionary_shoals,
          grunt_ashenzari_visionary_spider]
D:4:      layout_basic, nicolae_gozag_seed_capital, amcnicky_altar_gilded
D:5:      layout_basic, mainiacjoe_overflow_paths, minmay_temple_entry_junction,
          uniq_blork_the_orc
D:6:      layout_cave_pools, nicolae_vehumet_altar_sigil
Temple:   kb_corrupted_temple

Skill      XL: |  1  2  3  4  5  6  7  8 |
---------------+-------------------------+-----
Ranged Weapons | 5 6 7 8 9 10 | 10.0
Armour         | 1 2 |  2.8
Fighting       | 3 4 6 |  6.6
Dodging        | 3 |  3.0
Stealth        | |  0.7

Action                     |  1- 3 |  4- 6 |  7- 9 || total
---------------------------+-------+-------+-------++-------
   Fire: Shortbow          |   125 |    82 |   141 ||   348
    Use: Scroll            |     7 |     4 |     1 ||    12
         Potion            |     3 |     1 |     2 ||     6
 Armour: Ring mail         |    18 |    20 |    27 ||    65
  Dodge: Dodged            |    26 |    36 |    51 ||   113

Table legend:
 A = Non-vault XP
 B = Vault XP
 C = Vault XP percentage of total XP
 D = Non-vault monster count
 E = Vault monster count
 F = Vault count percentage of total count
                 A         B        C        D         E       F
            +---------+---------+-------+---------+---------+-------
      Total |    1809 |      91 |   4.8 |      88 |       1 |   1.1
            +---------+---------+-------+---------+---------+-------
        D:1 |      23 |       0 |   0.0 |      12 |       0 |   0.0
        D:2 |      37 |       0 |   0.0 |      14 |       0 |   0.0
        D:3 |      20 |       0 |   0.0 |       4 |       0 |   0.0
        D:4 |     346 |       0 |   0.0 |      24 |       0 |   0.0
        D:5 |     876 |      91 |   9.4 |      18 |       1 |   5.3
        D:6 |     507 |       0 |   0.0 |      16 |       0 |   0.0
            +---------+---------+-------+---------+---------+-------
